 Dungeon Crawl Stone Soup version 0.21-a0-154-gb5400c9 (webtiles) character file.

1122 KristoblXynda the Ruffian (level 8, -2/68 HPs)
             Began as a Troll Wizard on Aug 2, 2017.
             Slain by an ogre
             ... wielding a +0 giant club
              (23 damage)
             ... on level 6 of the Dungeon.
             The game lasted 00:11:31 (4463 turns).

KristoblXynda the Ruffian (Troll Wizard)            Turns: 4463, Time: 00:11:32

Health: -2/68      AC:  8    Str: 16    XL:     8   Next: 12%
Magic:  10/10      EV: 11    Int: 16    God:
Gold:   234        SH:  0    Dex:  8    Spells: 6/11 levels left

rFire    . . .     SeeInvis .     - Unarmed
rCold    . . .     Gourm    +   (no shield)
rNeg     . . .     Faith    .   a - +1 robe
rPois    .         Spirit   .   b - +1 hat
rElec    .         Reflect  .   o - +0 cloak
rCorr    .         Harm     .   (gloves unavailable)
MR       .....                  (boots unavailable)
Stlth    +.........             n - amulet of magic regeneration
HPRegen  0.61/turn              (no ring)
MPRegen  0.37/turn              (no ring)

@: no status effects
A: unfitting armour, claws 3, fast metabolism 3, gourmand, regeneration 1,
shaggy fur 1, tough skin 2
a: no special abilities


You were on level 6 of the Dungeon.
You were completely stuffed.

You visited 1 branch of the dungeon, and saw 6 of its levels.

You collected 234 gold pieces.

Inventory:

Armour
 a - a +1 robe (worn)
 b - a +1 hat (worn)
 o - a +0 cloak (worn)
Jewellery
 n - an amulet of magic regeneration (around neck)
Scrolls
 e - a scroll of immolation
 g - a scroll of enchant armour
 h - a scroll of remove curse
Potions
 f - a potion of brilliance {unknown}
 i - 2 potions of haste
 k - a potion of degeneration {unknown}
 p - a potion of curing {unknown}
 q - a potion of invisibility
 r - a potion of agility {unknown}
Books
 c - a book of Minor Magic

   Spells                             Type                      Level
   a - Magic Dart                     Conjuration                  1
   b - Blink                          Translocation                2
   c - Call Imp                       Summoning                    2
   d - Slow                           Hexes                        2
   e - Conjure Flame                  Conjuration/Fire             3
   f - Mephitic Cloud                 Conjuration/Poison/Air       3
Comestibles
 d - 5 bread rations
 j - 5 chunks of flesh
 l - 4 meat rations


   Skills:
 + Level 0.5 Fighting
 + Level 4.8 Dodging
 - Level 1.0 Stealth
 + Level 5.3 Unarmed Combat
 - Level 2.0 Spellcasting
 - Level 2.1 Conjurations
 - Level 0.6 Summonings
 - Level 3.4 Translocations


You had 6 spell levels left.
You knew the following spells:

 Your Spells              Type           Power        Failure   Level  Hunger
a - Magic Dart            Conj           #...         9%          1    #......
b - Call Imp              Summ           #.......     24%         2    ###....
c - Blink                 Tloc           N/A          8%          2    ###....


Dungeon Overview and Level Annotations

Branches:
Dungeon (6/15)
 Temple: D:4-7

Altars:
Elyvilon
Fedhas
Hepliaklqana
Makhleb
Ru
Uskayaw
Xom
Yredelemnul
The Shining One


Innate Abilities, Weirdness & Mutations

You are too large for most types of armour.
You have claws for hands.
Your metabolism is lightning-fast.
You like to eat raw meat.
Your natural rate of healing is unusually fast.
You are covered in fur. (AC +1)
You have very tough skin. (AC +2)


Message History

You scratch the ogre.
The ogre is heavily wounded.
You scratch the ogre but do no damage.
The ogre is heavily wounded.
The ogre hits you with a giant club.
You barely miss the ogre.
The ogre is heavily wounded.
The ogre hits you with a giant club!
You barely miss the ogre. You claw the ogre.
The ogre is heavily wounded.
A hound comes into view.
The hound barks!
You claw the ogre!
The ogre is almost dead.
The ogre hits you with a giant club!!
* * * LOW HITPOINT WARNING * * *
You scratch the ogre but do no damage.
The ogre is almost dead.
The ogre hits you with a giant club!!
You die...

#### ...#
...#############
......).........
...#####.....### . ...#
##.......######!... ...#
#..........@O...# ####
#..................
######.........#........
.....#.........#h.......
...............#........
.###......(...##........
....##...........###.#.#
.................. ....
(##............##


You could see an ogre and a hound.

Vanquished Creatures
  An ice beast (D:5)
  A phantom (D:5)
  2 ogres (D:5)
  A bullfrog (D:6)
  A scorpion (D:6)
  A hound (D:5)
  6 orc wizards
  A centaur zombie (D:5)
  5 orc priests
  A bullfrog skeleton (D:4)
  3 iron imps (D:4)
  Jessica (D:2)
  2 adders
  2 oozes
  An adder skeleton (D:5)
  5 dart slugs
  6 leopard geckos
  18 orcs
  13 bats
  3 giant cockroaches
  4 goblins
  8 hobgoblins
  7 jackals
  6 kobolds
  3 quokkas
  2 ball pythons
  5 frilled lizards
  8 rats
117 creatures vanquished.

Notes
Turn   | Place    | Note
-------+----------+-------------------------------------------
     0 | D:1      | KristoblXynda the Troll Wizard began the quest for the Orb.
     0 | D:1      | Reached XP level 1. HP: 16/16 MP: 2/2
   174 | D:1      | Reached skill level 1 in Unarmed Combat
   281 | D:1      | Reached XP level 2. HP: 24/24 MP: 4/4
   547 | D:1      | Reached XP level 3. HP: 31/31 MP: 5/5
   936 | D:2      | Reached skill level 1 in Conjurations
  1100 | D:2      | Reached skill level 2 in Unarmed Combat
  1185 | D:2      | Noticed Jessica
  1194 | D:2      | Killed Jessica
  1194 | D:2      | Reached XP level 4. HP: 39/39 MP: 6/6
  1591 | D:3      | Found a blossoming altar of Fedhas.
  1664 | D:3      | Learned a level 2 spell: Call Imp
  1667 | D:3      | Learned a level 2 spell: Blink
  2170 | D:3      | Reached XP level 5. HP: 31/45 MP: 7/7
  2415 | D:3      | Found a white marble altar of Elyvilon.
  2415 | D:3      | Found a shimmering altar of Xom.
  2416 | D:3      | Found a hide-covered altar of Uskayaw.
  2616 | D:3      | Reached skill level 1 in Translocations
  2681 | D:3      | Reached skill level 3 in Unarmed Combat
  2936 | D:4      | Found a blossoming altar of Fedhas.
  3036 | D:4      | Found a hazy altar of Hepliaklqana.
  3079 | D:4      | Found a burning altar of Makhleb.
  3092 | D:4      | Reached XP level 6. HP: 53/53 MP: 8/8
  3237 | D:5      | Entered Level 5 of the Dungeon
  3327 | D:5      | Found a sacrificial altar of Ru.
  3652 | D:5      | Reached skill level 4 in Unarmed Combat
  3652 | D:5      | Reached XP level 7. HP: 44/59 MP: 9/9
  3655 | D:5      | Found a basalt altar of Yredelemnul.
  3660 | D:5      | Found a glowing golden altar of the Shining One.
  4280 | D:5      | Reached skill level 5 in Unarmed Combat
  4326 | D:6      | Reached XP level 8. HP: 52/67 MP: 10/10
  4463 | D:6      | Slain by an ogre

Vault maps used:
D:1:      tarquinn_simple_flora_water_d, minmay_tetromino_t4
D:2:      minmay_stone_trees_small, st_stairs_1, minmay_statues_item,
          uniq_jessica
D:3:      lemuel_coloured_pillars_altar, gammafunk_temple_overflow_forgotten,
          first_bread, st_stairs_7, roderic_bipointed_swastika
D:4:      overflow_temple_1_default, demons_altar, fedhas_altar_3
D:5:      grunt_temple_overflow_holy_war, nicolae_ru_great_annihilating_truth
D:6:      serial_shops, shop, basic_altar

Skill      XL: |  1  2  3  4  5  6  7 |
---------------+----------------------+-----
Unarmed Combat | 1 2 3 4 5 |  5.3
Dodging        | 2 3 4 |  4.8
Conjurations   | 1 2 |  2.1
Translocations | 1 2 3 |  3.4
Fighting       | |  0.5
Stealth        | |  1.0
Spellcasting   | |  2.0
Summonings     | |  0.6

Action                   |  1- 3 |  4- 6 |  7- 9 || total
-------------------------+-------+-------+-------++-------
Melee: Unarmed           |   115 |   181 |   119 ||   415
       Punch             |       |       |     4 ||     4
 Cast: Magic Dart        |    12 |     2 |     4 ||    18
  Use: Scroll            |     6 |     5 |     4 ||    15
       Potion            |       |       |     4 ||     4
 Stab: Paralysed         |       |     1 |       ||     1
  Eat: Chunk             |    17 |    22 |     8 ||    47
Armor: Robe              |    44 |    66 |    30 ||   140
Dodge: Dodged            |    69 |    74 |    61 ||   204
